 Dungeon Crawl Stone Soup version 0.29.1-1-gd02db6906a (webtiles) character file.

Game seed: 10531941813662603122

262 Lremus the Cleaver (level 6, -6/55 HPs)
             Began as a Hill Orc Fighter on Sept 27, 2022.
             Was a Believer of Ashenzari.
             Mangled by Edmund
             ... wielding a +7 flail of protection
              (7 damage)
             ... on level 5 of the Dungeon.
             The game lasted 00:10:07 (3996 turns).

Lremus the Cleaver (Hill Orc Fighter)               Turns: 3996, Time: 00:10:08

Health: -6/55      AC: 10    Str: 21    XL:     6   Next: 18%
Magic:  6/6        EV: 11    Int: 14    God:    Ashenzari [**....]
Gold:   158        SH:  0    Dex: 10    Spells: 5/5 levels left

rFire   . . .      SeeInvis +   a - +0 war axe of the Restrained Planets {Evo, Bglg} (curse)
rCold   . . .      Faith    .   c - +0 buckler "Share My Paranoia" {Cun, Elem} (curse)
rNeg    . . .      Spirit   .   l - +0 chain mail
rPois   .          Reflect  .   (no helmet)
rElec   .          Harm     .   k - +0 cloak of Supernal Knowledge {Elem, Range} (curse)
rCorr   .          Rampage  .   (no gloves)
Will    .....                   (no boots)
Stlth   ..........              (no amulet)
HPRegen 0.18/turn               x - +4 ring of evasion
MPRegen 0.10/turn               u - ring "Astrological Fanaticism" {Int+6, Bglg, Self} (curse)

@: confused, mighty
A: no striking features
a: Renounce Religion, Shatter the Chains


You were on level 5 of the Dungeon.
You worshipped Ashenzari.
Ashenzari was pleased with you.
You visited 1 branch of the dungeon, and saw 5 of its levels.

You collected 158 gold pieces.

Inventory:

Hand Weapons
 a - the cursed +0 war axe of the Restrained Planets (weapon) {Evo, Bglg}

   It has a curse which improves the following skills: Evocations: Evocations.
   Beguiling: Conjurations, Hexes and Translocations.
 h - a +0 sling
Missiles
 b - 3 atropa-tipped darts
 q - 40 stones (quivered)
Armour
 c - the cursed +0 buckler "Share My Paranoia" (worn) {Cun, Elem}

   It has a curse which improves the following skills: Cunning: Dodging and
   Stealth.
   Elements:  Fire Magic, Ice Magic, Air Magic and Earth Magic.
 k - the cursed +0 cloak of Supernal Knowledge (worn) {Elem, Range}
   (You found it on level 2 of the Dungeon)

   It has a curse which improves the following skills: Elements: Fire Magic, Ice
   Magic, Air Magic and Earth Magic.
   Ranged Combat: Ranged Weapons and Throwing.
 l - a +0 chain mail (worn)
Jewellery
 i - a ring of see invisible
 u - the cursed ring "Astrological Fanaticism" (right hand) {Int+6, Bglg, Self}
   (You found it on level 3 of the Dungeon)

   [ring of intelligence]

   Int:       It affects your intelligence (+6).
   It has a curse which improves the following skills: Beguiling: Conjurations,
   Hexes and Translocations.
   Introspection: Fighting and Spellcasting.
 x - a +4 ring of evasion (left hand)
Scrolls
 e - 6 scrolls of identify
 g - 2 scrolls of teleportation
 m - 2 scrolls of butterflies
 n - a scroll of amnesia
 p - 2 scrolls of immolation
 s - a scroll of fear
 w - a scroll of summoning
 y - a scroll of brand weapon
Potions
 d - 3 potions of might
 f - 2 potions of heal wounds
 j - a potion of haste
 o - a potion of cancellation
 r - a potion of brilliance
 t - a potion of mutation
 v - a potion of curing
 z - a potion of invisibility


   Skills:
 - Level 3.6(4.8) Fighting
 + Level 8.3 Axes
 - Level 3.3 Armour
 - Level 3.3 Shields


You had 5 spell levels left.
You didn't know any spells.
Your spell library contained the following spells:

 Spells                   Type           Power      Damage    Failure   Level
 Apportation              Tloc           0%         N/A       97%         1
 Shock                    Conj/Air       0%         1d3       97%         1
 Beastly Appendage        Tmut           0%         N/A       98%         1
 Necrotise                Necr           0%         1d4       98%         1
 Summon Small Mammal      Summ           0%         N/A       98%         1
 Wereblood                Tmut           0%         N/A       99%         2
 Spider Form              Tmut/Pois      0%         N/A       100%        3
 Swiftness                Air            0%         N/A       100%        3
 Airstrike                Air            0%         2d(0-16)  100%        4
 Alistair's Intoxication  Tmut/Pois      0%         N/A       100%        5
 Fireball                 Conj/Fire      0%         3d3       100%        5
 Starburst                Conj/Fire      0%         6d3       100%        6
 Ignition                 Fire           0%         3d3       100%        8


Dungeon Overview and Level Annotations

Branches:
Dungeon (5/15)             Temple (0/1) D:5

Altars:
Ashenzari
Kikubaaqudgha

Annotations:
D:5 Edmund


Message History

You have reached level 6!
Okay, then.
You feel very mighty all of a sudden. Edmund hits you but does no damage.
You slash Edmund!
Edmund is moderately wounded.
You slash the orc!
You kill the orc!
An orc comes into view. It is wielding a +0 club.
Edmund hits you with a +7 flail of protection!
You slice Edmund!!
Edmund is severely wounded.
You barely miss the orc wizard. Edmund misses you.
The orc wizard completely misses you.
The orc wizard hits you but does no damage.
Edmund hits you with a +7 flail of protection.
You barely miss Edmund.
Edmund is severely wounded.
You closely miss the orc wizard. You slash the orc!
You kill the orc!
The orc wizard points at you and mumbles some strange words.
You are confused.
Edmund says, "I might not be good at magic, but I can still kill you!"
Edmund hits you with a +7 flail of protection!
* * * LOW HITPOINT WARNING * * *
The orc wizard hits you with a +0 dagger.
* * * LOW HITPOINT WARNING * * *
Edmund barely misses you.
Things that are here:
a +0 club; an orc corpse; a howler monkey corpse The orc wizard hits you but does no damage.
You closely miss Edmund.
Edmund is severely wounded.
You miss the orc wizard. You barely miss the orc.
The orc wizard gestures at you while chanting.
The puff of flame hits you.
* * * LOW HITPOINT WARNING * * *
The orc closely misses you.
Edmund hits you with a +7 flail of protection!
You die...

* , * #<♣..P♣
** , * ###* *
##....# , , * ,
, ,.... #...##*
...## #...# * ,
, , , ....#
#...###.., ,
#..###!....>..
, ⌠
#...)........ ,
** *
####@o#...###..
*
#...@o...$.....
*
#.##..........
, , ,,..
,.....##..... ,
* * ## #####.#
#.... #..# ....
*#... .. , ,
.... , .#. , ,


You could see Edmund, an orc wizard and an orc.

Vanquished Creatures
  A howler monkey (D:5)
  2 hounds (D:4)
  3 adders
  A gnoll (D:3)
  9 worms
  2 dart slugs
  8 orcs
  6 endoplasms
  2 giant cockroaches
  7 goblins
  9 hobgoblins
  6 jackals (D:1)
  3 kobolds
  5 quokkas
  10 ball pythons
  9 bats
  5 frilled lizards
  3 rats
91 creatures vanquished.

Vanquished Creatures (others)
  8 fungi (D:3)
8 creatures vanquished.

Grand Total: 99 creatures vanquished

Notes
Turn   | Place    | Note
-------+----------+-------------------------------------------
     0 | D:1      | Lremus the Hill Orc Fighter began the quest for the Orb.
     0 | D:1      | Reached XP level 1. HP: 19/19 MP: 1/1
    49 | D:1      | Found a faded altar of an unknown god.
    61 | D:1      | Reached skill level 3 in Axes
    70 | D:1      | Prayed at the altar of an unknown god.
    70 | D:1      | Became a worshipper of Ashenzari the Shackled
   113 | D:1      | Reached XP level 2. HP: 27/27 MP: 2/2
   153 | D:1      | Reached skill level 4 in Axes
   395 | D:1      | Reached XP level 3. HP: 29/33 MP: 3/3
   907 | D:1      | Reached skill level 5 in Axes
   963 | D:2      | Reached * piety under Ashenzari
  1224 | D:2      | Reached XP level 4. HP: 40/40 MP: 4/4
  1416 | D:2      | Found an ancient bone altar of Kikubaaqudgha.
  1422 | D:2      | Reached ** piety under Ashenzari
  2212 | D:3      | Reached skill level 6 in Axes
  3102 | D:3      | Reached XP level 5. HP: 38/46 MP: 5/5
  3339 | D:4      | Reached skill level 7 in Axes
  3976 | D:5      | Entered Level 5 of the Dungeon
  3984 | D:5      | Noticed Edmund
  3990 | D:5      | Reached skill level 8 in Axes
  3990 | D:5      | Reached XP level 6. HP: 37/55 MP: 6/6
  3996 | D:5      | HP: 1/55 [orc wizard/puff of flame (6)]
  3996 | D:5      | Mangled by Edmund

Illustrated notes

Levels and vault maps discovered:
D:1:      shiori_arrival_oz, layout_basic, hellmonk_ecumenical_altar_dog_temple,
          grunt_decor_mini_mirrors
D:2:      layout_basic, basic_altar
D:3:      wad_crossroads, layout_loops_corners, dreamdust_mushroom_princess
D:4:      layout_basic, feat_on_display
D:5:      kennysheep_big_flooded_room, layout_rooms,
          lemuel_coloured_pillars_altar, mainiacjoe_overflow_six_doors_small,
          grunt_temple_overflow_open, minmay_temple_entry_hall, serial_shops,
          nicolae_stop_n_shop_1, serial_bayou_crossing, uniq_edmund,
          uniq_grinder, uniq_sigmund

Skill      XL: |  1  2  3  4  5 |
---------------+----------------+-----
Axes           | 3 4 5 6 8 |  8.3
Fighting       | |  3.6
Armour         | |  3.3
Shields        | |  3.3

Action                   |  1- 3 |  4- 6 || total
-------------------------+-------+-------++-------
Melee: War axe           |   119 |   188 ||   307
Invok: Curse Item        |     2 |     3 ||     5
       Shatter the Chain |       |     1 ||     1
  Use: Potion            |       |     1 ||     1
Armor: Scale mail        |    50 |    12 ||    62
       Chain mail        |       |    63 ||    63
Dodge: Dodged            |    74 |    50 ||   124
Block: Buckler           |    30 |    35 ||    65
